 Dungeon Crawl Stone Soup version 0.13-a0-3159-gc5ce8eb (webtiles) character file.

1944 PolkaDot the Summoner (level 8, 0/47 (52) HPs)
             Began as a Vampire Summoner on Sept 24, 2013.
             Was a Follower of Sif Muna.
             Killed from afar by an orc wizard (7 damage)
             ... with a magic dart
             ... on Level 6 of the Dungeon.
             The game lasted 00:40:41 (5504 turns).

PolkaDot the Summoner (Vampire Summoner)            Turns: 5504, Time: 00:40:41

HP   0/47 (52)   AC  6     Str  8      XL: 8   Next: 57%
MP  18/18        EV 18     Int 22      God: Sif Muna [*.....]
Gold 394         SH  0     Dex 17      Spells:  4 memorised,  2 levels left

Res.Fire  : . . .   See Invis. : +   B - +3,+2 scythe (venom)
Res.Cold  : . . .   Warding    : .   r - +0 elf robe
Life Prot.: + . .   Conserve   : .   (no shield)
Res.Poison: .       Res.Corr.  : .   (no helmet)
Res.Elec. : .       Clarity    : .   k - +1 cloak
Sust.Abil.: . .     Spirit.Shd : .   a - +0 pair of elf gauntlets
Res.Mut.  : .       Stasis     : .   n - +0 pair of boots
Res.Rott. : .       Flight     : .   (no amulet)
Saprovore : . . .                    s - ring of protection from magic
                                     x - ring of Attitude {EV+5 Dex+3 Int+4}

@: quite resistant to hostile enchantments, stealthy
A: bottle blood, fangs 3, see invisible, unbreathing
a: Bat Form, Bottle Blood, Channel Energy, Renounce Religion


You were on level 6 of the Dungeon.
You worshipped Sif Muna.
Sif Muna was aware of your devotion.
You were not thirsty.

You visited 2 branches of the dungeon, and saw 7 of its levels.

You collected 374 gold pieces.

Inventory:

Hand weapons
 f - a +2,+3 spear (quivered)
 o - a +2,+3 elven short sword of flaming
 B - a +3,+2 scythe of venom (weapon)
Armour
 a - a +0 pair of elven gauntlets (worn)
 k - a +1 cloak (worn)
 n - a +0 pair of boots (worn)
 r - a +0 elven robe (worn)
Magical devices
 z - a wand of teleportation (1)
Scrolls
 d - 3 scrolls of magic mapping
 e - 3 scrolls of remove curse
 g - 2 scrolls of identify
 h - a scroll of enchant weapon II {unknown}
 i - a scroll of curse weapon {unknown}
 j - 2 scrolls of recharging {unknown}
 m - a scroll of teleportation {unknown}
 p - a scroll of fear
 t - a scroll of noise {unknown}
 v - 2 scrolls of curse armour {unknown}
 y - a scroll of amnesia {unknown}
 A - a scroll of enchant armour {unknown}
Jewellery
 q - an uncursed ring of hunger
 s - a ring of protection from magic (right hand)
 u - an uncursed amulet of clarity {unknown}
 x - the ring of Attitude (left hand) {EV+5 Dex+3 Int+4}
   (You found it on level 5 of the Dungeon)

   [ring of evasion]

   It affects your evasion (+5).
   It affects your intelligence (+4).
   It affects your dexterity (+3).
Potions
 c - a potion of curing
 l - a potion of heal wounds
 w - a potion of agility
Books
 b - a book of Callings

   Spells                             Type                      Level
   *Summon Small Mammal               Summoning                    1
   Call Imp                           Summoning                    2
   *Call Canine Familiar              Summoning                    3
   *Summon Scorpions                  Summoning/Poison             4
   *Summon Ice Beast                  Ice/Summoning                4


   Skills:
 - Level 2.1 Dodging
 - Level 3.0 Stealth
 - Level 3.6 Spellcasting
 * Level 10.7 Summonings


You had 2 spell levels left.
You knew the following spells:

 Your Spells              Type           Power        Failure   Level  Hunger
a - Summon Small Mammal   Summ           ####         1%          1    None
d - Summon Ice Beast      Ice/Summ       ####......   14%         4    ####...
f - Summon Scorpions      Summ/Pois      ####......   14%         4    ####...
s - Call Canine Familiar  Summ           ######....   1%          3    ###....


Dungeon Overview and Level Annotations

Branches:
Dungeon (6/27)             Temple (1/1) D:4
    Orc: D:6-11

Altars:
Ashenzari
Fedhas
Kikubaaqudgha
Nemelex Xobeh
Okawaru
Sif Muna
Trog
Zin
the Shining One

Shops:
D:4 *

Annotations:
D:4 Blork the orc
Abyss:1 Eustachio


Innate Abilities, Weirdness & Mutations

You can bottle blood from corpses.
You have razor-sharp teeth.*
You have supernaturally acute eyesight.
You can survive without breathing.*


Message History

An adder comes into view.
The orc shouts!
The orc throws an orcish hand axe.
The orcish hand axe misses you.
The orc priest shouts!
The orc throws an orcish hand axe.
The orcish hand axe misses you.
You see here an orcish hand axe.
The orc warrior completely misses you.
The orc wizard hits you but does no damage.
You see here an orcish hand axe.
The orc wizard points at you and mumbles some strange words.
The puff of flame misses you.
The orc warrior picks up an orcish hand axe.
The orc warrior throws an orcish hand axe.
The orcish hand axe misses you.
The orc wizard glows brightly for a moment.
The orc wizard gestures wildly while chanting.
You feel troubled.
The orc wizard points at you and mumbles some strange words.
The magic dart hits you!
You die...

##### ##... ... #.#
##########.###############
)(..o............))...(..#
##########)#############.###.#
.........ooo.o..@[.)....)<...#
##########.#....########.###...#
#.#.o..# #.# .#
##########o#....## ...
......o.......>.... ....
................### ......
.......$.......... .......
##########.###.... ....... #.#
#... ...


You could see an orc warrior, 2 orc wizards and 2 orcs.

Vanquished Creatures
  The ghost of elenap21 the Changer, an average OpTm of Sif Muna (D:4)
  A slave (D:5)
  A sky beast (D:6)
  An ogre (D:4)
  Duvessa (D:4)
  A wight (D:6)
  A hound (D:4)
  2 crimson imps (D:5)
  3 orc priests
  A centaur skeleton (D:4)
  An orc wizard (D:4)
  A worker ant (D:5)
  Ijyb (D:3)
  A gnoll (D:3)
  3 adders (D:3)
  A giant mite (D:2)
  3 giant geckos
  3 oozes
  9 orcs
  10 bats
  8 goblins
  12 hobgoblins
  2 quokkas
  5 giant cockroaches
  5 giant newts
  9 kobolds
  7 rats
94 creatures vanquished.

Vanquished Creatures (collateral kills)
  Pikel (D:5)
  Prince Ribbit (D:4)
  2 slaves (D:5)
  Sigmund (D:5)
  A giant frog (D:4)
  2 jellies (D:5)
  4 wights (D:6)
  Dowan (D:4)
  2 orc priests
  2 crimson imps (D:5)
  Crazy Yiuf (D:2)
  2 centaur skeletons (D:4)
  2 orc wizards
  Terence (D:3)
  2 gnolls (D:3)
  An adder (D:3)
  A scorpion zombie (D:6)
  12 orcs
  A bat (D:5)
  A bat skeleton (D:4)
  3 kobolds
  A quokka (D:3)
  A ball python (D:5)
  A giant cockroach (D:4)
  4 rats
51 creatures vanquished.

Vanquished Creatures (others)
  2 wolves
  A warg (D:6)
  8 hounds
  An orc wizard (D:5)
  An adder (D:5)
  An orc (D:5)
  A hobgoblin (D:5)
  25 jackals
  2 bats
  A rat (D:1)
43 creatures vanquished.

Grand Total: 188 creatures vanquished

Notes
Turn   | Place    | Note
--------------------------------------------------------------
     0 | D:1      | PolkaDot, the Vampire Summoner, began the quest for the Orb.
     0 | D:1      | Reached XP level 1. HP: 13/13 MP: 4/4
   389 | D:1      | Reached XP level 2. HP: 19/19 MP: 5/5
  1109 | D:2      | Reached skill level 5 in Summonings
  1109 | D:2      | Reached XP level 3. HP: 18/24 MP: 6/6
  1135 | D:2      | Learned a level 3 spell: Call Canine Familiar
  1176 | D:2      | Noticed Crazy Yiuf
  1231 | D:2      | Killed Crazy Yiuf
  1471 | D:2      | Found a glowing silver altar of Zin.
  1744 | D:3      | Reached XP level 4. HP: 30/30 MP: 8/8
  1753 | D:3      | Noticed Ijyb
  1756 | D:3      | Noticed Terence
  1771 | D:3      | Killed Ijyb
  1778 | D:3      | Killed Terence
  1894 | D:3      | Found a blossoming altar of Fedhas.
  2068 | D:3      | Reached XP level 5. HP: 35/35 MP: 10/10
  2309 | D:3      | Reached skill level 6 in Summonings
  2397 | D:4      | Noticed an ogre
  2453 | D:4      | Noticed Dowan
  2453 | D:4      | Noticed Blork the orc
  2454 | D:4      | Noticed Prince Ribbit
  2455 | D:4      | Noticed Duvessa
  3257 | D:4      | Killed an ogre
  3257 | D:4      | Reached XP level 6. HP: 41/41 MP: 2/13
  3273 | D:4      | Killed Duvessa
  3273 | D:4      | Reached skill level 7 in Summonings
  3290 | D:4      | Killed Dowan
  3377 | D:4      | Noticed elenap21's ghost (average OpTm)
  3853 | D:4      | Killed elenap21's ghost
  3853 | D:4      | Reached XP level 7. HP: 9/41 MP: 9/16
  3862 | D:4      | Found Niadgh's Assorted Antiques.
  4028 | D:4      | Found a staircase to the Ecumenical Temple.
  4044 | D:4      | Reached skill level 8 in Summonings
  4062 | D:4      | Killed Prince Ribbit
  4066 | Temple   | Entered the Ecumenical Temple
  4162 | Temple   | Became a worshipper of Sif Muna the Loreminder
  4168 | Temple   | Learned a level 4 spell: Summon Ice Beast
  4173 | Temple   | Learned a level 4 spell: Summon Scorpions
  4373 | D:5      | Entered Level 5 of the Dungeon
  4453 | D:5      | Got a twitching pewter ring
  4457 | D:5      | Identified the ring of Attitude {EV+5 Dex+3 Int+4} (You found it on level 5 of the Dungeon)
  4506 | D:5      | Noticed Pikel
  4519 | D:5      | Killed Pikel
  4519 | D:5      | Reached skill level 9 in Summonings
  4519 | D:5      | Reached XP level 8. HP: 47/47 MP: 4/18
  4528 | D:5      | Acquired Sif Muna's first power
  4580 | D:5      | Found a glowing golden altar of the Shining One.
  4628 | D:5      | Noticed Eustachio
  4632 | D:5      | Noticed Sigmund
  4636 | D:5      | Banished Eustachio
  4636 | D:5      | Reached skill level 10 in Summonings
  4640 | D:5      | Killed Sigmund
  5467 | D:6      | HP: 2/47 [orc priest/divine providence (12)]
  5504 | D:6      | Killed from afar by an orc wizard

Action                   |  1- 3 |  4- 6 |  7- 9 || total
-------------------------+-------+-------+-------++-------
Melee: Dagger            |    26 |       |       ||    26
       Spear             |    80 |    89 |       ||   169
       Unarmed           |     1 |       |       ||     1
       Trident           |       |    26 |    67 ||    93
       Scythe            |       |       |    38 ||    38
 Cast: Summon Small Mamm |     3 |     1 |     3 ||     7
       Call Canine Famil |     5 |    25 |    32 ||    62
Evoke: Wand              |       |       |     2 ||     2
  Use: Potion            |     4 |     2 |     3 ||     9
       Scroll            |       |       |     8 ||     8
 Stab: Sleeping          |     8 |     4 |     3 ||    15
       Distracted        |       |     2 |     1 ||     3
